Cogmind - Beta 14 @@@ ROGUE MODE // 2024.10.13 @ 21:37:58 Player: AnotherZach Result: Destroyed by G-47 Trooper with Particle Gun Performance ------------- Evolutions (2) 1000 Regions Visited (3) 600 Robots Destroyed (10) 50 Value Destroyed (152) 152 Prototype IDs (1) 20 Alien Tech Used (0) 0 Bonus (0) 0 TOTAL SCORE: 1822 Bonus ------- None Cogmind --------- Core Integrity 0/550 Matter 300/300 Energy 99/100 System Corruption 5% Temperature Cool (9) Movement Core (50) Location -8/Materials Parts ------- > --- POWER (1) -------- (None) > --- PROPULSION (4) --- (None) > --- UTILITY (4) ------ (None) > --- WEAPON (2) ------- (None) > --- INVENTORY (5) ---- Seismic Detector ECM Suite Hardened Medium Armor Plating Hacking Suite Hacking Suite Peak State ------------ > --- POWER ------------ (None) > --- PROPULSION ------- Light Treads Aluminum Leg > --- UTILITY ---------- Signal Interpreter Hacking Suite Hacking Suite Hacking Suite > --- WEAPON ----------- EM Shotgun Improved Assault Rifle > --- INVENTORY -------- Seismic Detector ECM Suite Hacking Suite Mining Claw [Rating: 17] Favorites ----------- Power Light Ion Engine Engine Light Ion Engine Propulsion Light Treads Treads Light Treads Leg Aluminum Leg Wheel Wheel Hover Unit Improved Hover Unit Flight Unit Flight Unit Utility Hacking Suite Device Seismic Detector Processor Signal Interpreter Hackware Hacking Suite Protection Utility Shielding Weapon Scythe Energy Gun Small Laser Ballistic Gun Improved Assault Rifle Slashing Weapon Scythe Build | -11 -10 -9 -8 ------- Run | Yrd Mat Mat Mat Slots Evolved 4 | . . 2 2 Power . | . . . . Propulsion 2 | . . 2 . Utility 2 | . . . 2 Weapon . | . . . . Parts Attached 25 | 4 1 10 10 Power 1 | . . . 1 Engine 1 | . . . 1 Core . | . . . . Reactor . | . . . . Propulsion 9 | 2 . 3 4 Treads 2 | 2 . . . Leg 1 | . . 1 . Wheel 1 | . . 1 . Hover 1 | . . 1 . Flight 4 | . . . 4 Utility 8 | 1 1 4 2 Device 3 | 1 . 2 . Storage . | . . . . Processor 1 | . . 1 . Hackware 3 | . . 1 2 Protection 1 | . 1 . . Artifact . | . . . . Weapon 7 | 1 . 3 3 Energy Gun 4 | 1 . 2 1 Energy Cannon . | . . . . Ballistic Gun 1 | . . 1 . Ballistic Cannon . | . . . . Launcher . | . . . . Special Weapon . | . . . . Impact Weapon . | . . . . Slashing Weapon 2 | . . . 2 Piercing Weapon . | . . . . Special Melee Weapon . | . . . . Unidentified Prototypes 1 | . . 1 . Corrupted Parts 1 | . . . 1 System Corruption 1 | . . . 1 Parts Lost 9 | . . 2 7 Power . | . . . . Propulsion 7 | . . 2 5 Utility 2 | . . . 2 Weapon . | . . . . Highest Loss Streak 3 | . . 2 3 To Critical Strikes . | . . . . Average Slot Usage (%) 59 | . 63 74 50 Treads 12 | . 28 21 1 Leg 4 | . . 11 1 Wheel 2 | . . 8 . Flight 2 | . . . 4 Device 3 | . 14 5 . Processor 5 | . . 3 8 Hackware 14 | . . 7 23 Protection 2 | . 6 4 . Energy Gun 5 | . 14 6 1 Ballistic Gun 2 | . . 3 2 Slashing Weapon 2 | . . . 4 Peak Build Rating 17 | 4 5 14 17 Average Rating 10 | 2 4 10 13 On Entrance 4 | . 4 5 10 Naked Turns 2 | . . . 2 Heaviest Build 8 | 2 3 8 5 Greatest Support 20 | 3 3 20 8 Greatest Overweight (x) 2 | . . 2 . Average Overweight (x) . | . . . . Largest Inventory Capacity 5 | 5 5 5 5 Average Capacity 5 | 5 5 5 5 Most Carried 5 | 2 4 5 5 Average Carried 4 | . 2 4 4 Final Capacity 5 | 5 5 5 5 Final Carried 5 | 2 4 5 5 Class Distribution -------------------- 64% | Mutant 35% | Hacker-Mutant Dominant Class ---------------- Mutant | -10/Materials Mutant | -9/Materials Hacker-Mutant | -8/Materials Resources | -11 -10 -9 -8 ----------- Run | Yrd Mat Mat Mat Matter Collected 438 | 182 . 115 141 Remotely . | . . . . Salvage Created 277 | 15 . 72 190 Parts 15 | 3 . 1 11 Haulers Intercepted . | . . . . Recyclers Shooed 2 | . . . 2 Parts Field Recycled . | . . . . Retrieved Matter . | . . . . Parts Self-Destructed . | . . . . Prevented . | . . . . Kills | -11 -10 -9 -8 ------- Run | Yrd Mat Mat Mat Combat Hostiles Destroyed 8 | . . 2 6 Melee 4 | . . 1 3 Guns 4 | . . 1 3 Classes Destroyed 5 | 1 . 2 2 Tunneler 1 | 1 . . . Recycler 1 | . . . 1 Swarmer 6 | . . . 6 Grunt 1 | . . 1 . Sentry 1 | . . 1 . Best Kill Streak 4 | 1 . 1 4 Combat Bots Only 3 | . . 1 3 Max Kills in Single Turn 1 | 1 . 1 1 Gunslinging . | . . . . Exploded . | . . . . Melee 1 | . . 1 1 Uniques/NPCs Destroyed . | . . . . Combat | -11 -10 -9 -8 -------- Run | Yrd Mat Mat Mat Hostile Shots Fired 198 | . 3 97 98 Missed 77 | . 1 37 39 Damage Taken 1406 | . 23 613 770 Core 694 | . 12 120 562 Absorbed by Shields . | . . . . Core Remaining (%) 88 | 100 95 70 . Volleys Fired 15 | 1 . 3 11 Largest 2 | 1 . 2 2 Hottest 126 | 40 . 126 68 Shots Fired 26 | 1 . 5 20 Gun 26 | 1 . 5 20 Cannon . | . . . . Launcher . | . . . . Special . | . . . . Kinetic 11 | . . . 11 Thermal 6 | 1 . 5 . Explosive . | . . . . Electromagnetic 9 | . . . 9 Robot Hit Streak 8 | 1 . 6 8 Robot Miss Streak 4 | . . . 4 Penetration Max . | . . . . Secondary Targets 2 | . . . 2 Max Gunslinging Chain 1 | . . . 1 Shots Hit Robots 28 | 1 . 5 22 Core Hits 11 | 1 . 2 8 Critical Kills . | . . . . Critical Parts Destroyed . | . . . . Critical Strikes 2 | . . 2 . Burn 2 | . . 2 . Melee Attacks 13 | . . . 13 Impact . | . . . . Slashing 13 | . . . 13 Piercing . | . . . . Sneak Attacks 4 | . . . 4 Combat Hostiles 1 | . . . 1 Follow-up Attacks . | . . . . Damage Inflicted 696 | 10 . 104 582 Guns 288 | 10 . 85 193 Cannons . | . . . . Explosions . | . . . . Melee 385 | . . . 385 Ramming 23 | . . 19 4 Kinetic 138 | . . . 138 Thermal 95 | 10 . 85 . Explosive . | . . . . Electromagnetic 55 | . . . 55 Impact . | . . . . Slashing 385 | . . . 385 Piercing . | . . . . Highest Corruption 5 | . . . 5 Average Corruption 1 | . . . 1 Corruption Purged . | . . . . Corruption Blocked . | . . . . Effects 2 | . . . 2 Message Errors 1 | . . . 1 Data Loss (major) 1 | . . . 1 Overload Shots . | . . . . Overflow Damage 117 | . . . 117 Projectiles . | . . . . Explosions . | . . . . Melee 117 | . . . 117 Knockbacks . | . . . . Impact . | . . . . Kinetic . | . . . . Secondary . | . . . . Self-Inflicted Damage 11 | . . 9 2 Shots . | . . . . Rammed 5 | . . 4 1 Targets Rammed 6 | . . 5 1 Kicked . | . . . . Crushed 1 | . . 1 . Highest Temperature 111 | . . 111 . Average Temperature 48 | . . 48 . Received Heat Transfer 252 | . 12 204 36 Siege Activations . | . . . . Robots Corrupted . | . . . . Combat Hostiles . | . . . . Parts Fried . | . . . . Impact Corruptions . | . . . . Robots Melted . | . . . . Combat Hostiles . | . . . . Parts Melted 1 | . . 1 . Heat Transferred 358 | 25 . 333 . Parts Sabotaged . | . . . . Parts Stolen . | . . . . Parts Stripped . | . . . . Power Chain Reactions . | . . . . Alert | -11 -10 -9 -8 ------- Run | Yrd Mat Mat Mat Peak Influence 323 | 5 55 60 323 Initial 22 | . 3 22 22 Average 72 | 2 26 26 124 Maximum Alert Level 1 | . . . 1 Low Security (%) 88 | 100 100 100 75 Level 1 11 | . . . 24 Level 2 . | . . . . Level 3 . | . . . . Level 4 . | . . . . Level 5 . | . . . . High Security . | . . . . Max Security . | . . . . Squads Dispatched 7 | . . 3 4 Investigation 5 | . . 3 2 Extermination . | . . . . Reinforcement 2 | . . . 2 Assault . | . . . . Garrison . | . . . . Intercept . | . . . . Searches Triggered . | . . . . Construction Impeded . | . . . . Haulers Reinforced . | . . . . Active Scanning Responses . | . . . . Cargo Convoy Interrupts . | . . . . Stealth | -11 -10 -9 -8 --------- Run | Yrd Mat Mat Mat Distress Signals 4 | . . 3 1 Communications Jammed . | . . . . Distress Signals . | . . . . Times Spotted 47 | . 2 19 26 Peak Tracking Total 16 | . 1 16 9 Tactical Retreats 7 | . 1 1 5 Traps | -11 -10 -9 -8 ------- Run | Yrd Mat Mat Mat Traps Triggered 2 | . . 1 1 Indirectly . | . . . . Trap Hack Attempts . | . . . . Triggered . | . . . . Disarmed . | . . . . Reprogrammed . | . . . . Reused . | . . . . Traps Extracted . | . . . . Installed . | . . . . Triggered . | . . . . Machines | -11 -10 -9 -8 ---------- Run | Yrd Mat Mat Mat Machines Disabled . | . . . . Max in Single Turn . | . . . . Machines Repaired . | . . . . Machines Dismantled . | . . . . Machines Sabotaged . | . . . . Overloaded Fab Kills . | . . . . Hacking | -11 -10 -9 -8 --------- Run | Yrd Mat Mat Mat Machines Accessed 8 | . 3 3 2 Terminals 8 | . 3 3 2 Fabricators . | . . . . Repair Stations . | . . . . Recycling Units . | . . . . Scanalyzers . | . . . . Garrison Access . | . . . . Total Hacks 23 | . 11 9 3 Successful 5 | . 3 1 1 Failed 18 | . 8 8 2 Catastrophic 5 | . 1 2 2 Database Lockouts . | . . . . Manual 19 | . 10 6 3 Terminals 23 | . 11 9 3 Fabricators . | . . . . Repair Stations . | . . . . Recycling Units . | . . . . Scanalyzers . | . . . . Garrison Access . | . . . . Terminal Hacks 4 | . 2 1 1 Level Access Points 2 | . 1 . 1 Unreport Threat 1 | . . 1 . Registered Prototypes 1 | . 1 . . Fabricator Hacks . | . . . . Repair Station Hacks . | . . . . Recycling Unit Hacks . | . . . . Scanalyzer . | . . . . Garrison Access Hacks . | . . . . Unauthorized Hacks 1 | . 1 . . Terminals 1 | . 1 . . Botnet 1 | . 1 . . Fabricators . | . . . . Repair Stations . | . . . . Recycling Units . | . . . . Scanalyzers . | . . . . Garrison Access . | . . . . Data Cores Recovered . | . . . . Used . | . . . . Hacking Detections 8 | . 3 3 2 Full Trace Events 4 | . 1 2 1 Feedback Events . | . . . . Feedback Blocked . | . . . . Robot Schematics Acquired . | . . . . Robots Built . | . . . . Authchips . | . . . . Time . | . . . . Total Robot Build Rating . | . . . . Part Schematics Acquired . | . . . . Parts Built . | . . . . Authchips . | . . . . Time . | . . . . Total Part Build Rating . | . . . . Parts Repaired . | . . . . Time . | . . . . Parts Recycled . | . . . . Recycled Matter . | . . . . Retrieved Matter . | . . . . Retrieved Components . | . . . . Parts Scanalyzed . | . . . . Part Schematics Acquired . | . . . . Parts Damaged . | . . . . Bothacking | -11 -10 -9 -8 ------------ Run | Yrd Mat Mat Mat Used RIF Installer . | . . . . Robots Hacked . | . . . . Non-combat . | . . . . Combat . | . . . . Robot Hacks Applied . | . . . . Relay Couplers Released . | . . . . Fabnet Peak Effective % . | . . . . Robots Rewired . | . . . . Allies Hacked . | . . . . Hacks Repelled . | . . . . Allies | -11 -10 -9 -8 -------- Run | Yrd Mat Mat Mat Total Allies . | . . . . Largest Group . | . . . . Highest-Rated Group . | . . . . Highest-Rated Ally . | . . . . Total Orders . | . . . . Ally Attacks . | . . . . Total Damage . | . . . . Kills . | . . . . Allies Corrupted . | . . . . Allies Melted . | . . . . Intel | -11 -10 -9 -8 ------- Run | Yrd Mat Mat Mat Robot Analysis Total . | . . . . Derelict Logs Recovered . | . . . . Drone Launches . | . . . . Drone Recoveries . | . . . . Exploration | -11 -10 -9 -8 ------------- Run | Yrd Mat Mat Mat Turns Passed 460 | 22 70 145 223 Spaces Moved 649 | 24 133 195 297 Core 490 | 24 133 193 140 Treads 1 | . . 1 . Legs . | . . . . Wheels . | . . . . Hover 1 | . . 1 . Flight 157 | . . . 157 Fastest Speed 37 | 50 50 50 37 Average Speed 48 | 50 50 54 44 Slowest Speed 160 | 50 50 160 50 Overloaded Moves . | . . . . Propulsion Burnouts . | . . . . Robots Hopped 9 | . . . 9 Cave-ins Triggered . | . . . . Exploration Rate (%) 29 | 3 43 29 41 Regions Visited 3 Branch Regions . Pre-discovered Areas . | . . . . Known Exits Taken 2 | . 1 1 . Unknown Exits Taken 1 | 1 . . . Scrap Searched . | . . . . Spaces Dug . | . . . . Terrain Destroyed . | . . . . Melee . | . . . . Projectile . | . . . . AOE . | . . . . Terrain Rammed . | . . . . Walls Destroyed . | . . . . Machines Disabled . | . . . . Actions | -11 -10 -9 -8 --------- Run | Yrd Mat Mat Mat Total 728 | 30 135 225 338 Wait 9 | . . 1 8 Move 630 | 23 132 194 281 Hop 7 | . . . 7 Pick Up 11 | 2 2 4 3 Fast Attach 19 | 4 1 6 8 Attach 4 | . . 2 2 Detach . | . . . . Swap 2 | . . 2 . Drop 12 | . . 8 4 Fire 15 | 1 . 3 11 Melee 13 | . . . 13 Ram 2 | . . 1 1 Kick . | . . . . Crush 4 | . . 4 . Escape Stasis . | . . . . Rewire . | . . . . Trap . | . . . . Miscellaneous . | . . . . Route ------- -11/Scrapyard -10/Materials (discovered 4 exits: *Mat x3 / [*Min]) -9/Materials (discovered 2 exits: *Mat / [*Min]) -8/Materials (discovered 3 exits: *Fac x3) History --------- Turn | Location | Event 8 | -11/Scrapyard | Discovered new exit (range 15) 23 | -11/Scrapyard | Entered Materials 60 | -10/Materials | Identified exit to Materials 71 | -10/Materials | Discovered new exit (range 9) 93 | -10/Materials | Entered another Materials area 93 | -9/Materials | Evolved 2 slots: Propulsion x2 195 | -9/Materials | Discovered new exit (range 16) 230 | -9/Materials | Discovered new exit (range 15) 238 | -9/Materials | Identified exit to Materials 238 | -9/Materials | Entered another Materials area 238 | -8/Materials | Evolved 2 slots: Utility x2 344 | -8/Materials | Identified exit to Factory 433 | -8/Materials | Core integrity fell below 50% 441 | -8/Materials | Core integrity fell below 20% 461 | -8/Materials | Destroyed by G-47 Trooper with Particle Gun Last Messages --------------- 00430_ Knocked back. 00432_ Hacking Suite severed. 00434_ Knocked back. 00434_ Slammed into C-17 Slicer. 00438_ U-05 Engineer lays Concrete. 00438_ Knocked back. 00438_ S-10 Pest destroyed. 00439_ U-05 Engineer builds a Wall. 00443_ TMMD/RX& TSS7ZOENVDYMI1I,7ZOP%RRC/56W 00444_ Scythe severed. 00449_ O-16 Technician: "IFF HANDSHAKE FAILED. SECURING TERMINAL." 00453_ O-16 Technician uses terminal to summon reinforcements. 00453_ ALERT: Hostiles spotted, dispatching reinforcements to Terminal M011. 00453_ O-16 Technician locks terminal. 00454_ K-01 Serf cleans the Matter Filter. 00459_ Signal Interpreter severed. 00459_ Hacking Suite destroyed. Map ----- +----------------------------------------------------+ | ???# ???????????????????????????????? | | ??## ??????????????????????????????? | | ??# ?????????????????????????????? | | ??# ###/##/#####+#???????????????? | | ??# #???????????????? | | ??# ##### #???????????????? | | ??# = ##??# ######! #????? | | ??### "#??# +????? | | ????# T#??#### ### #????? | | ????# "#?????# #????????????? | | ????# ##?????# ####+######??? | | ????# """"" o#??????# # #??? | | ????# """"" ###????# # #??? | | ????# """"" ""#????#/# ???? | | ????# """"" T"#????# # ?????? | | ????# """"" ""#????# ## # ######## | | ????# """"" ###????# * | | ????#* """"" #??????##### H =%= | | ????# #??????????# [ | | ????# c#????####### | | ????# ##### #????# # % % ##### | | ??????????# #????# """ # #???# | | ??????????# +????# """ ##" ###???# | | ??????????# ##????# """ # #???## | | ??????????# c#?????# # #???# | | ??????????# @#?????# /% #???# | | ??????????+ #?????# %# #???# | | ??????????# g #?????# # #???# | | ??????????#g #?????# !]*###+###???# | | ??????????# #?????# !]*#?????????# | | ??????????# < #?????# ]]*#?????????## | | ??????????# #?????#[ #??????????? | | ??????????#####?????#######??????????? | | ?????????????????????????????????????? | | ?????????????????????????????????????? | | ?????????????????????????????????????? | | ?????????????????????????????????????? | | ?????????????????????????????????????? | | ?????????????????????????????????????? | | ?????????????????????????????????????? | | ?????????????????????????????????????? | | ?????????????????????????????????????? | | ?????????????????????????????????????? | | ?????????????????????????????????????? | | ?????????????????????????????????????? | | ?????????????????????????????????????? | | | | | | | | | +----------------------------------------------------+ Best States ------------- Heat Dissipation 31 Energy Generation 10 Energy Capacity 125 Matter Stores 300 Matter Capacity 300 Sight Range 16 Terrain Scan Density 10 Utility Shielding 33 Evasion (%) 62 Recoil Reduction 1 Offensive Hacking 30 Item Schematics ----------------- None Robot Schematics ------------------ None Fabricated ------------ Nothing Alien Tech Used ----------------- None Achievements -------------- None Challenges ------------ None Game ------ Seed ProcessingDisruptorTerrabomb Manual? 0 Play Time 00:14:10 Cumulative 762.9 hours Start 2024.10.13 @ 21:25:22 End 2024.10.13 @ 21:37:58 Sessions 1 Manual Loads 0 Difficulty Rogue Special Mode None Game No. 189 Rogue 51 Adventurer 138 Explorer 0 Win Type - Total 15 Types 10/0/1/2/1/0/0/0/1 Lore% 80 Gallery% 85 Achievement% 76 Wizard Run 0 Options --------- Layout 2 ASCII 0 Keyboard 0 Movement Mouse Keybinds 0 Fullscreen 1 Font 24/Smallcaps Map View 50x49 Zoom Use 0% Tactical HUD 1 Map Filters NONE Filters NONE Steam 1 RUN: 8179d1de-2b17-4310-939c-97f9d4e62935